Cogmind - Beta 14 @@@ ROGUE MODE // 2024.09.23 @ 09:12:39 Player: Kinga Result: Destroyed by Light Ion Engine chain reaction Performance ------------- Evolutions (3) 1500 Regions Visited (11) 2200 Robots Destroyed (125) 625 Value Destroyed (3310) 3310 Prototype IDs (14) 280 Alien Tech Used (0) 0 Bonus (219) 219 TOTAL SCORE: 8134 Bonus ------- Aligned with FarCom 300 Friendly Fire -81 Cogmind --------- Core Integrity 0/700 Matter 261/300 Energy 90/150 System Corruption 35% Temperature Hot (291) Movement Core (600) Ox11 Location -7/Storage Parts ------- > --- POWER (1) -------- Micro Nuclear Core > --- PROPULSION (4) --- (None) > --- UTILITY (4) ------ Large Storage Unit Hacking Suite Hacking Suite > --- WEAPON (4) ------- Ion Burst Cannon > --- INVENTORY (15) --- Xenon Bombardment Thruster Xenon Bombardment Thruster Xenon Bombardment Thruster Cooled VTOL Module Cooled VTOL Module Experimental Sensor Array Hacking Suite System Shield Authchip [Propulsion] Authchip [Propulsion] Authchip [Weapon] YOLO Cannon Field Lobotomy Kit (4) Peak State ------------ > --- POWER ------------ Light Nuclear Core > --- PROPULSION ------- Heavy Treads Heavy Treads > --- UTILITY ---------- Large Storage Unit Hacking Suite Hacking Suite System Shield > --- WEAPON ----------- Precision Beam Rifle YOLO Cannon Field Lobotomy Kit > --- INVENTORY -------- Light Angular Momentum Engine Improved Heat Sink Compact Battery Structural Scanner Experimental Sensor Array Core Analyzer Damper Plating Hacking Suite System Shield Guided Plasma Cannon [Rating: 77] Favorites ----------- Power Reinforced Ion Engine Engine Reinforced Ion Engine Power Core Light Nuclear Core Propulsion Light Treads Treads Light Treads Hover Unit Improved Hover Unit Flight Unit Improved Flight Unit Utility Improved Heat Sink Device Improved Heat Sink Storage Huge Storage Unit Processor Target Analyzer Hackware Hacking Suite Protection Hardened Light Armor Plating Weapon Pulse Rifle Energy Gun Pulse Rifle Energy Cannon Guided Plasma Cannon Ballistic Gun Light Assault Rifle Launcher Grenade Launcher Special Weapon Field Lobotomy Kit Build | -11 -10 -10 -9 -9 -9 -8 -8 -7 -7 -7 -7 ------- Run | Yrd Mat Min Mat Min Exi Min Mat Fac Was Fac Sto Slots Evolved 6 | . . . 2 . . . 2 2 . . . Power . | . . . . . . . . . . . . Propulsion 2 | . . . . . . . . 2 . . . Utility 2 | . . . . . . . 2 . . . . Weapon 2 | . . . 2 . . . . . . . . Parts Attached 83 | 6 11 1 13 6 5 1 9 16 4 2 9 Power 12 | 1 1 1 1 1 . . 1 2 . 1 3 Engine 5 | 1 1 . . 1 . . . . . 1 1 Core 7 | . . 1 1 . . . 1 2 . . 2 Reactor . | . . . . . . . . . . . . Propulsion 21 | 2 2 . 3 2 . 1 . 7 2 . 2 Treads 13 | 2 2 . 2 2 . 1 . . 2 . 2 Leg . | . . . . . . . . . . . . Wheel . | . . . . . . . . . . . . Hover 7 | . . . . . . . . 7 . . . Flight 1 | . . . 1 . . . . . . . . Utility 18 | 1 6 . . 3 . . 3 5 . . . Device 6 | . 3 . . 3 . . . . . . . Storage 5 | 1 3 . . . . . . 1 . . . Processor 2 | . . . . . . . 1 1 . . . Hackware 3 | . . . . . . . . 3 . . . Protection 2 | . . . . . . . 2 . . . . Artifact . | . . . . . . . . . . . . Weapon 32 | 2 2 . 9 . 5 . 5 2 2 1 4 Energy Gun 16 | . . . 7 . 1 . 5 2 . . 1 Energy Cannon 8 | . . . . . 3 . . . 1 1 3 Ballistic Gun 5 | 2 2 . 1 . . . . . . . . Ballistic Cannon . | . . . . . . . . . . . . Launcher 1 | . . . 1 . . . . . . . . Special Weapon 2 | . . . . . 1 . . . 1 . . Impact Weapon . | . . . . . . . . . . . . Slashing Weapon . | . . . . . . . . . . . . Piercing Weapon . | . . . . . . . . . . . . Special Melee Weapon . | . . . . . . . . . . . . Unidentified Prototypes 11 | . . . 1 1 3 . 3 2 . . 1 Parts Lost 27 | . 4 1 4 1 . . 1 7 . 1 8 Power 8 | . 1 1 1 1 . . . 1 . 1 2 Propulsion 8 | . . . 1 . . . . 4 . . 3 Utility 3 | . 1 . . . . . 1 . . . 1 Weapon 8 | . 2 . 2 . . . . 2 . . 2 Highest Loss Streak 4 | . 2 1 4 1 . . 1 3 . 1 4 To Critical Strikes . | . . . . . . . . . . . . Average Slot Usage (%) 94 | . 98 100 98 99 99 100 97 87 76 68 66 Engine 7 | . 14 10 . 6 11 11 3 . . 2 5 Core 3 | . . 3 10 3 . . 5 6 7 4 1 Treads 20 | . 28 28 21 22 22 22 18 . 9 15 12 Hover 1 | . . . . . . . . 25 5 . . Device 9 | . 12 14 11 11 11 11 9 . . . . Storage 10 | . 14 14 11 11 11 11 9 7 7 7 7 Hackware 3 | . . . . . . . . 21 23 23 22 Protection 1 | . . . . . . . 8 . . . . Energy Gun 25 | . . . 32 44 41 33 27 23 7 7 4 Energy Cannon 3 | . . . . . 1 11 9 . 7 7 10 Ballistic Gun 6 | . 28 28 9 . . . . . . . . Peak Build Rating 77 | 6 11 13 27 31 40 35 44 52 77 77 65 Average Rating 29 | 4 9 11 21 25 27 34 40 41 69 57 53 On Entrance 29 | . 6 11 13 25 26 32 35 44 30 77 58 Naked Turns . | . . . . . . . . . . . . Heaviest Build 115 | 13 89 88 98 103 110 110 115 34 53 53 49 Greatest Support 140 | 40 40 40 40 40 40 40 40 30 140 140 140 Greatest Overweight (x) 4 | . 2 2 4 2 2 2 2 2 3 . 1 Average Overweight (x) 1 | . . 2 2 2 2 2 2 . . . . Largest Inventory Capacity 25 | 8 25 25 25 25 25 25 25 25 15 15 15 Average Capacity 22 | 6 18 25 25 25 25 25 25 15 15 15 15 Most Carried 25 | 4 19 19 25 25 25 25 25 24 13 15 15 Average Carried 20 | 2 12 18 21 24 24 24 24 13 11 13 14 Final Capacity 25 | 8 25 25 25 25 25 25 25 15 15 15 15 Final Carried 25 | 4 19 18 24 25 24 25 25 13 13 15 14 Class Distribution -------------------- 41% | Gunner 21% | Mutant 18% | Skirmisher 8% | Hacker-Gunner 8% | Hacker-Mutant Dominant Class ---------------- Mutant | -10/Materials Mutant | -10/Mines Gunner | -9/Materials Gunner | -9/Mines Gunner | -9/Exiles Skirmisher | -8/Mines Skirmisher | -8/Materials Hacker-Gunner | -7/Factory Hacker-Gunner | -7/Waste Hacker-Mutant | -7/Factory Hacker-Mutant | -7/Storage Resources | -11 -10 -10 -9 -9 -9 -8 -8 -7 -7 -7 -7 ----------- Run | Yrd Mat Min Mat Min Exi Min Mat Fac Was Fac Sto Matter Collected 1426 | 183 518 11 193 49 . 60 74 145 45 42 106 Remotely . | . . . . . . . . . . . . Salvage Created 5504 | . 1055 52 777 473 . 81 1022 234 1316 247 247 Parts 244 | . 65 1 52 20 . 6 56 9 6 15 14 Haulers Intercepted 10 | . 2 . 2 . . . 4 . . 1 1 Recyclers Shooed 6 | . 3 . 2 . . 1 . . . . . Parts Field Recycled . | . . . . . . . . . . . . Retrieved Matter . | . . . . . . . . . . . . Parts Self-Destructed . | . . . . . . . . . . . . Prevented . | . . . . . . . . . . . . Kills | -11 -10 -10 -9 -9 -9 -8 -8 -7 -7 -7 -7 ------- Run | Yrd Mat Min Mat Min Exi Min Mat Fac Was Fac Sto Combat Hostiles Destroyed 88 | . 22 1 16 14 . 4 12 6 5 4 4 Guns 66 | . 22 1 10 14 . 3 9 6 . 1 . Cannons 12 | . . . . . . 1 3 . 1 3 4 AOE 6 | . . . 5 . . . . . 1 . . Classes Destroyed 16 | . 7 . 1 3 . 1 2 . 1 1 . Worker 7 | . 2 . 1 1 . . 3 . . . . Builder 1 | . . . . . . . 1 . . . . Hauler 10 | . 2 . 2 . . . 4 . . 1 1 Recycler 7 | . 1 . 2 . . . 4 . . . . Mechanic 1 | . . . . . . . 1 . . . . Operator 6 | . 2 . 1 . . . 1 1 . . 1 Watcher 5 | . 2 . 2 . . . 1 . . . . Swarmer 23 | . 6 . 3 3 . 3 4 4 . . . Grunt 46 | . 16 1 12 8 . . 5 . . 1 3 Brawler 1 | . . . . 1 . . . . . . . Duelist 1 | . . . . 1 . . . . . . . Protector 1 | . . . . 1 . . . . . . . Sentry 5 | . . . 1 . . . 2 1 . 1 . Hunter 3 | . . . . . . 1 1 1 . . . Programmer 3 | . . . . . . . . . . 2 1 Compactor 5 | . . . . . . . . . 5 . . Best Kill Streak 10 | . 9 1 10 5 . 4 9 5 3 2 1 Combat Bots Only 9 | . 7 1 9 5 . 4 5 5 3 2 1 Max Kills in Single Turn 4 | . 2 1 4 2 . 2 2 1 1 1 1 Gunslinging 1 | . . . 1 1 . 1 . . . . . Exploded 3 | . . . 3 . . . . . 1 . . Melee . | . . . . . . . . . . . . Uniques/NPCs Destroyed . | . . . . . . . . . . . . Combat | -11 -10 -10 -9 -9 -9 -8 -8 -7 -7 -7 -7 -------- Run | Yrd Mat Min Mat Min Exi Min Mat Fac Was Fac Sto Hostile Shots Fired 702 | . 117 6 63 45 . 9 48 163 . 49 202 Missed 237 | . 30 2 18 16 . 4 11 67 . 18 71 Damage Taken 5610 | . 1008 60 532 341 . 43 500 846 . 406 1874 Core 931 | . 112 . 58 23 . . 27 116 . 62 533 Absorbed by Shields . | . . . . . . . . . . . . Reduced by Siege Mode 17 | . . . . . . . . . . . 17 Core Remaining (%) 82 | 100 . 55 . . . 79 95 . . . . Volleys Fired 332 | . 105 4 36 21 . 3 48 21 17 23 54 Largest 4 | . 2 2 4 4 . 3 3 4 1 1 2 Hottest 252 | . 40 40 252 252 . 189 189 246 100 120 200 Shots Fired 691 | . 210 8 131 74 . 7 115 51 17 24 54 Gun 592 | . 210 8 129 74 . 6 101 51 . 8 5 Cannon 96 | . . . . . . 1 14 . 16 16 49 Launcher 2 | . . . 2 . . . . . . . . Special 1 | . . . . . . . . . 1 . . Kinetic 281 | . 210 8 63 . . . . . . . . Thermal 407 | . . . 66 74 . 7 115 51 16 24 54 Explosive 2 | . . . 2 . . . . . . . . Electromagnetic . | . . . . . . . . . . . . Robot Hit Streak 22 | . 12 7 11 16 . 5 8 10 4 13 22 Robot Miss Streak 9 | . 4 1 5 2 . 1 3 3 2 2 9 Penetration Max . | . . . . . . . . . . . . Secondary Targets 14 | . 3 . 5 4 . 1 . 1 . . . Max Gunslinging Chain 2 | . 1 . 2 1 . 1 . 1 . . . Shots Hit Robots 421 | . 137 6 79 42 . 4 61 32 12 19 29 Core Hits 200 | . 58 4 36 23 . 4 32 16 5 6 16 Critical Kills 4 | . 1 . . . . . . . 3 . . Critical Parts Destroyed . | . . . . . . . . . . . . Critical Strikes 23 | . 1 . 1 3 . 1 8 6 3 . . Burn 19 | . . . 1 3 . 1 8 6 . . . Meltdown 3 | . . . . . . . . . 3 . . Destroy 1 | . 1 . . . . . . . . . . Melee Attacks . | . . . . . . . . . . . . Impact . | . . . . . . . . . . . . Slashing . | . . . . . . . . . . . . Piercing . | . . . . . . . . . . . . Sneak Attacks . | . . . . . . . . . . . . Combat Hostiles . | . . . . . . . . . . . . Follow-up Attacks . | . . . . . . . . . . . . Damage Inflicted 10170 | . 1418 119 1304 781 . 129 1612 631 2121 655 1400 Guns 5112 | . 1406 46 979 740 . 67 1169 606 . 65 34 Cannons 3776 | . . . . . . 33 409 . 1439 575 1320 Explosions 1038 | . . . 323 . . . . . 682 . 33 Melee . | . . . . . . . . . . . . Ramming 244 | . 12 73 2 41 . 29 34 25 . 15 13 Kinetic 1812 | . 1406 46 360 . . . . . . . . Thermal 7791 | . . . 619 740 . 100 1578 606 2121 640 1387 Explosive 323 | . . . 323 . . . . . . . . Electromagnetic . | . . . . . . . . . . . . Impact . | . . . . . . . . . . . . Slashing . | . . . . . . . . . . . . Piercing . | . . . . . . . . . . . . Highest Corruption 35 | . . . . . . . . 1 23 25 35 Average Corruption 20 | . . . . . . . . 1 13 23 25 Corruption Purged . | . . . . . . . . . . . . Corruption Blocked . | . . . . . . . . . . . . Effects 63 | . . . . . . . . . 11 20 32 Message Errors 12 | . . . . . . . . . 2 6 4 Matter Fused 15 | . . . . . . . . . 2 3 10 Heat Flow Errors 11 | . . . . . . . . . . 4 7 Energy Discharges 5 | . . . . . . . . . 1 1 3 Parts Rejected 1 | . . . . . . . . . . . 1 Data Loss (minor) 5 | . . . . . . . . . 3 2 . Data Loss (major) 5 | . . . . . . . . . 2 1 2 Misfires 2 | . . . . . . . . . . 1 1 Alerts 3 | . . . . . . . . . . 2 1 Misdirections 2 | . . . . . . . . . 1 . 1 Weapon Failures 2 | . . . . . . . . . . . 2 Overload Shots . | . . . . . . . . . . . . Overflow Damage 22 | . . . . . . . . . . 9 13 Projectiles 22 | . . . . . . . . . . 9 13 Explosions . | . . . . . . . . . . . . Melee . | . . . . . . . . . . . . Knockbacks 2 | . . . . . . . 1 1 . . . Impact 2 | . . . . . . . 1 1 . . . Kinetic . | . . . . . . . . . . . . Secondary . | . . . . . . . . . . . . Self-Inflicted Damage 64 | . . . . . . . . 11 . . 53 Shots 1 | . . . . . . . . . . . 1 Rammed 40 | . 7 7 . 6 . 2 6 3 . 4 5 Targets Rammed 42 | . 7 7 1 6 . 2 7 3 . 4 5 Kicked . | . . . . . . . . . . . . Crushed 2 | . . . 1 . . . 1 . . . . Highest Temperature 512 | . 6 . 321 315 . 180 336 361 . 374 512 Average Temperature 142 | . 6 . 94 138 . 82 134 148 . 167 170 Received Heat Transfer 1599 | . 525 36 249 156 . . 279 78 . 150 126 Effects 17 | . . . . 3 . . 2 4 . 1 7 Shutdowns 3 | . . . . . . . . 1 . . 2 Energy Bleed 1 | . . . . . . . . . . . 1 Interference 12 | . . . . 3 . . 2 3 . 1 3 Matter Decay 1 | . . . . . . . . . . . 1 Siege Activations 2 | . . . . . . . . . . . 2 Total Turns 26 | . . . . . . . . . . . 26 Longest Duration 14 | . . . . . . . . . . . 14 Robots Corrupted . | . . . . . . . . . . . . Combat Hostiles . | . . . . . . . . . . . . Parts Fried . | . . . . . . . . . . . . Impact Corruptions . | . . . . . . . . . . . . Robots Melted 5 | . . . 1 . . . . . 3 1 . Combat Hostiles 4 | . . . 1 . . . . . 3 . . Parts Melted 32 | . . . 1 7 . . 10 5 2 3 4 Heat Transferred 15195 | . . . 1459 1829 . 302 3920 1665 1680 1391 2949 Parts Sabotaged . | . . . . . . . . . . . . Parts Stolen . | . . . . . . . . . . . . Parts Stripped . | . . . . . . . . . . . . Power Chain Reactions . | . . . . . . . . . . . . Alert | -11 -10 -10 -9 -9 -9 -8 -8 -7 -7 -7 -7 ------- Run | Yrd Mat Min Mat Min Exi Min Mat Fac Was Fac Sto Peak Influence 319 | . 319 73 305 180 . 100 301 196 69 172 117 Initial 60 | . . 53 . 60 . . . . 5 35 . Average 103 | . 195 46 194 44 . 39 143 95 41 62 31 Maximum Alert Level 1 | . 1 . 1 . . . 1 . . . . Low Security (%) 77 | 100 38 100 42 100 . 100 58 100 100 100 100 Level 1 22 | . 61 . 57 . . . 41 . . . . Level 2 . | . . . . . . . . . . . . Level 3 . | . . . . . . . . . . . . Level 4 . | . . . . . . . . . . . . Level 5 . | . . . . . . . . . . . . High Security . | . . . . . . . . . . . . Max Security . | . . . . . . . . . . . . Squads Dispatched 16 | . 4 . 2 1 . . 1 2 . 2 4 Investigation 2 | . 2 . . . . . . . . . . Extermination 2 | . . . . . . . . . . 1 1 Reinforcement 11 | . 2 . 2 . . . 1 2 . 1 3 Assault 1 | . . . . 1 . . . . . . . Garrison . | . . . . . . . . . . . . Intercept . | . . . . . . . . . . . . Searches Triggered . | . . . . . . . . . . . . Construction Impeded 1 | . . . . . . . . . . . 1 Haulers Reinforced 2 | . . . . . . . . . . 1 1 Active Scanning Responses . | . . . . . . . . . . . . Cargo Convoy Interrupts . | . . . . . . . . . . . . Stealth | -11 -10 -10 -9 -9 -9 -8 -8 -7 -7 -7 -7 --------- Run | Yrd Mat Min Mat Min Exi Min Mat Fac Was Fac Sto Distress Signals 6 | . 2 . 1 . . . . 1 . . 2 Communications Jammed . | . . . . . . . . . . . . Distress Signals . | . . . . . . . . . . . . Times Spotted 181 | . 37 2 22 15 . 4 16 12 6 5 62 Peak Tracking Total 6 | . 6 2 5 5 . 2 5 5 3 3 6 Tactical Retreats 13 | . 2 . 1 1 . . 1 1 . 1 6 Traps | -11 -10 -10 -9 -9 -9 -8 -8 -7 -7 -7 -7 ------- Run | Yrd Mat Min Mat Min Exi Min Mat Fac Was Fac Sto Traps Triggered 7 | . 2 . . . . . . 2 . . 3 Indirectly . | . . . . . . . . . . . . Trap Hack Attempts . | . . . . . . . . . . . . Triggered . | . . . . . . . . . . . . Disarmed . | . . . . . . . . . . . . Reprogrammed . | . . . . . . . . . . . . Reused . | . . . . . . . . . . . . Traps Extracted . | . . . . . . . . . . . . Installed . | . . . . . . . . . . . . Triggered . | . . . . . . . . . . . . Machines | -11 -10 -10 -9 -9 -9 -8 -8 -7 -7 -7 -7 ---------- Run | Yrd Mat Min Mat Min Exi Min Mat Fac Was Fac Sto Machines Disabled 3 | . . . 2 . . . 1 . . . . Max in Single Turn 1 | . . . 1 . . . 1 . . . . Garrison Access 1 | . . . . . . . . . . . 1 Machines Repaired . | . . . . . . . . . . . . Machines Dismantled . | . . . . . . . . . . . . Machines Sabotaged . | . . . . . . . . . . . . Overloaded Fab Kills . | . . . . . . . . . . . . Hacking | -11 -10 -10 -9 -9 -9 -8 -8 -7 -7 -7 -7 --------- Run | Yrd Mat Min Mat Min Exi Min Mat Fac Was Fac Sto Machines Accessed 20 | . 2 . 3 . 4 . 3 2 . 1 5 Terminals 14 | . 2 . 3 . . . 3 2 . . 4 Fabricators . | . . . . . . . . . . . . Repair Stations . | . . . . . . . . . . . . Recycling Units . | . . . . . . . . . . . . Scanalyzers 1 | . . . . . . . . . . 1 . Garrison Access 1 | . . . . . . . . . . . 1 Total Hacks 65 | . 3 . 9 . 30 . 6 2 . 2 13 Successful 45 | . 1 . 3 . 30 . 5 . . 2 4 Failed 20 | . 2 . 6 . . . 1 2 . . 9 Catastrophic 8 | . 1 . 1 . . . . 2 . . 4 Database Lockouts . | . . . . . . . . . . . . Manual 19 | . 1 . 6 . 1 . 2 1 . . 8 Terminals 31 | . 3 . 9 . . . 6 2 . . 11 Fabricators . | . . . . . . . . . . . . Repair Stations . | . . . . . . . . . . . . Recycling Units . | . . . . . . . . . . . . Scanalyzers 2 | . . . . . . . . . . 2 . Garrison Access 2 | . . . . . . . . . . . 2 Terminal Hacks 42 | . 1 . 3 . 30 . 5 . . . 3 Record 30 | . . . . . 30 . . . . . . Part Schematic 1 | . . . . . . . . . . . 1 Robot Analysis 1 | . . . . . . . 1 . . . . Prototype ID Bank 1 | . . . . . . . 1 . . . . Branch Access Points 1 | . . . . . . . . . . . 1 Terminal Index 2 | . 1 . 1 . . . . . . . . Alert Level 3 | . . . 1 . . . 1 . . . 1 Unreport Threat 1 | . . . . . . . 1 . . . . Hauler Manifests 2 | . . . 1 . . . 1 . . . . Fabricator Hacks . | . . . . . . . . . . . . Repair Station Hacks . | . . . . . . . . . . . . Recycling Unit Hacks . | . . . . . . . . . . . . Scanalyzer 2 | . . . . . . . . . . 2 . Insert Component 1 | . . . . . . . . . . 1 . Analyze 1 | . . . . . . . . . . 1 . Garrison Access Hacks 1 | . . . . . . . . . . . 1 Seal Access 1 | . . . . . . . . . . . 1 Unauthorized Hacks . | . . . . . . . . . . . . Terminals . | . . . . . . . . . . . . Fabricators . | . . . . . . . . . . . . Repair Stations . | . . . . . . . . . . . . Recycling Units . | . . . . . . . . . . . . Scanalyzers . | . . . . . . . . . . . . Garrison Access . | . . . . . . . . . . . . Data Cores Recovered 2 | . . . . . . . . . . . 2 Used . | . . . . . . . . . . . . Hacking Detections 12 | . 1 . 3 . . . 1 2 . . 5 Full Trace Events . | . . . . . . . . . . . . Feedback Events . | . . . . . . . . . . . . Feedback Blocked . | . . . . . . . . . . . . Robot Schematics Acquired . | . . . . . . . . . . . . Robots Built . | . . . . . . . . . . . . Authchips . | . . . . . . . . . . . . Time . | . . . . . . . . . . . . Total Robot Build Rating . | . . . . . . . . . . . . Part Schematics Acquired 2 | . . . . . . . . . . 1 1 Parts Built . | . . . . . . . . . . . . Authchips . | . . . . . . . . . . . . Time . | . . . . . . . . . . . . Total Part Build Rating . | . . . . . . . . . . . . Parts Repaired . | . . . . . . . . . . . . Time . | . . . . . . . . . . . . Parts Recycled . | . . . . . . . . . . . . Recycled Matter . | . . . . . . . . . . . . Retrieved Matter . | . . . . . . . . . . . . Retrieved Components . | . . . . . . . . . . . . Parts Scanalyzed 1 | . . . . . . . . . . 1 . Part Schematics Acquired 1 | . . . . . . . . . . 1 . Parts Damaged . | . . . . . . . . . . . . Bothacking | -11 -10 -10 -9 -9 -9 -8 -8 -7 -7 -7 -7 ------------ Run | Yrd Mat Min Mat Min Exi Min Mat Fac Was Fac Sto Used RIF Installer . | . . . . . . . . . . . . Robots Hacked . | . . . . . . . . . . . . Non-combat . | . . . . . . . . . . . . Combat . | . . . . . . . . . . . . Robot Hacks Applied . | . . . . . . . . . . . . Relay Couplers Released . | . . . . . . . . . . . . Fabnet Peak Effective % . | . . . . . . . . . . . . Robots Rewired . | . . . . . . . . . . . . Allies Hacked . | . . . . . . . . . . . . Hacks Repelled . | . . . . . . . . . . . . Allies | -11 -10 -10 -9 -9 -9 -8 -8 -7 -7 -7 -7 -------- Run | Yrd Mat Min Mat Min Exi Min Mat Fac Was Fac Sto Total Allies 2 | . . . . 1 . . . . 1 . . Largest Group 1 | . . . . 1 . . . . 1 . . Highest-Rated Group 141 | . . . . 31 . . . . 141 . . Highest-Rated Ally 141 | . . . . 31 . . . . 141 . . Total Orders . | . . . . . . . . . . . . Ally Attacks 12 | . . . . 8 . . . . 4 . . Total Damage 270 | . . . . 87 . . . . 183 . . Kills . | . . . . . . . . . . . . Allies Corrupted . | . . . . . . . . . . . . Allies Melted . | . . . . . . . . . . . . Field Lobotomies 1 | . . . . . . . . . 1 . . Intel | -11 -10 -10 -9 -9 -9 -8 -8 -7 -7 -7 -7 ------- Run | Yrd Mat Min Mat Min Exi Min Mat Fac Was Fac Sto Robot Analysis Total 1 | . . . . . . . 1 . . . . Derelict Logs Recovered 1 | . . . . 1 . . . . . . . Drone Launches . | . . . . . . . . . . . . Drone Recoveries . | . . . . . . . . . . . . Exploration | -11 -10 -10 -9 -9 -9 -8 -8 -7 -7 -7 -7 ------------- Run | Yrd Mat Min Mat Min Exi Min Mat Fac Was Fac Sto Turns Passed 10378 | 83 1626 473 855 2014 1704 650 1211 457 269 419 617 Spaces Moved 3478 | 47 531 138 196 592 530 196 313 338 114 223 260 Core 4 | 4 . . . . . . . . . . . Treads 3118 | 43 531 138 196 592 530 196 313 . 96 223 260 Legs . | . . . . . . . . . . . . Wheels . | . . . . . . . . . . . . Hover 356 | . . . . . . . . 338 18 . . Flight . | . . . . . . . . . . . . Fastest Speed 43 | 50 160 320 320 320 320 320 325 43 160 160 160 Average Speed 259 | 150 238 320 351 320 320 324 325 102 171 160 160 Slowest Speed 480 | 160 320 320 480 320 320 325 325 171 231 160 240 Overloaded Moves . | . . . . . . . . . . . . Propulsion Burnouts . | . . . . . . . . . . . . Robots Hopped . | . . . . . . . . . . . . Cave-ins Triggered . | . . . . . . . . . . . . Exploration Rate (%) 49 | 5 88 39 28 97 91 45 39 14 69 9 68 Regions Visited 11 Branch Regions 5 Pre-discovered Areas 2 | . . . . 1 1 . . . . . . Known Exits Taken . | . . . . . . . . . . . . Unknown Exits Taken 9 | 1 1 1 1 1 1 1 1 . . 1 . Scrap Searched 4 | . . 1 . 1 . 2 . . . . . Spaces Dug . | . . . . . . . . . . . . Terrain Destroyed 146 | . . . 8 . . . 2 . 120 . 16 Melee . | . . . . . . . . . . . . Projectile 8 | . . . . . . . 2 . 4 . 2 AOE 138 | . . . 8 . . . . . 116 . 14 Terrain Rammed . | . . . . . . . . . . . . Walls Destroyed . | . . . . . . . . . . . . Machines Disabled . | . . . . . . . . . . . . Actions | -11 -10 -10 -9 -9 -9 -8 -8 -7 -7 -7 -7 --------- Run | Yrd Mat Min Mat Min Exi Min Mat Fac Was Fac Sto Total 4211 | 56 700 149 300 653 542 203 407 415 138 262 386 Wait 121 | . 23 . 13 14 . . 13 15 . . 43 Move 3468 | 46 530 137 195 591 529 195 312 338 113 222 260 Hop . | . . . . . . . . . . . . Pick Up 79 | 4 19 . 23 6 . 1 7 4 1 7 7 Fast Attach 34 | 6 . . 5 2 4 . 5 3 2 . 7 Attach 34 | . 5 1 6 1 1 . 2 12 2 2 2 Detach 9 | . . . 1 1 2 . . 3 . 1 1 Swap 15 | . 6 . 2 3 . 1 2 1 . . . Drop 77 | . 5 . 18 8 6 1 11 15 3 3 7 Fire 332 | . 105 4 36 21 . 3 48 21 17 23 54 Melee . | . . . . . . . . . . . . Ram 3 | . . . . . . . . 3 . . . Kick . | . . . . . . . . . . . . Crush 39 | . 7 7 1 6 . 2 7 . . 4 5 Escape Stasis . | . . . . . . . . . . . . Rewire . | . . . . . . . . . . . . Trap . | . . . . . . . . . . . . Miscellaneous . | . . . . . . . . . . . . Route ------- -11/Scrapyard -10/Materials (discovered 5 exits: *Mat x3 / [*Min x2]) -10/Mines -9/Materials (discovered 2 exits: *Mat / [*Min]) -9/Mines (discovered 3 exits: *Mat x2 / *Exi) -9/Exiles -8/Mines -8/Materials -7/Factory -7/Waste -7/Factory -7/Storage (discovered 1 exit: *Rec) History --------- Turn | Location | Event 19 | -11/Scrapyard | Discovered new exit (range 16) 84 | -11/Scrapyard | Entered Materials 232 | -10/Materials | Discovered new exit (range 15) 300 | -10/Materials | Build established: Mutant 345 | -10/Materials | Destroyed 7 combat bots 514 | -10/Materials | Discovered new exit (range 16) 564 | -10/Materials | Discovered new exit (range 16) 718 | -10/Materials | Discovered new exit (range 14) 1339 | -10/Materials | Discovered new exit (range 13) 1710 | -10/Materials | Entered Mines 1832 | -10/Mines | Found a hidden stash of uninstalled traps 2141 | -10/Mines | Discovered new exit (range 14) 2183 | -10/Mines | Entered Materials 2183 | -9/Materials | Evolved 2 slots: Weapon x2 2285 | -9/Materials | Destroyed 9 combat bots 2286 | -9/Materials | Lost 4 parts (1p1n2w) 2603 | -9/Materials | Discovered new exit (range 9) 2782 | -9/Materials | Build established: Gunner 2952 | -9/Materials | Discovered new exit (range 13) 3038 | -9/Materials | Entered Mines 3045 | -9/Mines | Received a Rocket Launcher from a helpful Derelict 3129 | -9/Mines | Learned Materials terminal intel 3149 | -9/Mines | Discovered new exit (range 13) 3512 | -9/Mines | Found a damaged Exp. Sensor Array with a note attached 3519 | -9/Mines | Found Prototype Device 3521 | -9/Mines | Identified Exp. Sensor Array 3653 | -9/Mines | Met a Derelict testing a Signal Generator 4129 | -9/Mines | Found DCF Scrap (12 items) 4203 | -9/Mines | Discovered new exit (range 5) 4284 | -9/Mines | Learned location of Storage (-7) 5036 | -9/Mines | Deemed a non-threat by the Exiles lab entrance 5039 | -9/Mines | Discovered new exit (range 5) 5052 | -9/Mines | Entered Exiles 5126 | -9/Exiles | Met 8R-AWN 5184 | -9/Exiles | Met EX-HEX 5379 | -9/Exiles | Met EX-DEC 5450 | -9/Exiles | Visited The Gauntlet 5852 | -9/Exiles | Learned location of Zion (-7) 5958 | -9/Exiles | Discovered new exit (range 14) 6163 | -9/Exiles | Met EX-BIN 6249 | -9/Exiles | Aligned with FarCom system 6252 | -9/Exiles | Given EX-Vault access code 6412 | -9/Exiles | Opened EX-Vault 6430 | -9/Exiles | Found Prototype Energy Cannon 6430 | -9/Exiles | Identified YOLO Cannon 6442 | -9/Exiles | Found Prototype Energy Cannon 6442 | -9/Exiles | Identified Gui. Plasma Cannon 6450 | -9/Exiles | Found Prototype Special Weapon 6450 | -9/Exiles | Identified Field Lobotomy Kit 6532 | -9/Exiles | Warned to stay clear of 0b10 Research branches 6756 | -9/Exiles | Stole three prototypes: Gui. Plasma Cannon, YOLO Cannon, Field Lobotomy Kit 6756 | -9/Exiles | Entered Mines 7064 | -8/Mines | Build established: Skirmisher 7361 | -8/Mines | Discovered new exit (range 14) 7406 | -8/Mines | Entered Materials 7406 | -8/Materials | Evolved 2 slots: Utility x2 7407 | -8/Materials | Loaded intel: 12 terminal locations 8026 | -8/Materials | Discovered new exit (range 6) 8617 | -8/Materials | Entered Factory 8617 | -7/Factory | Evolved 2 slots: Propulsion x2 8619 | -7/Factory | FarCom data flow suspended 8665 | -7/Factory | Discovered new exit (range 14) 8691 | -7/Factory | Identified exit to Factory 8942 | -7/Factory | Build established: Hacker-Gunner 8989 | -7/Factory | Lost 3 parts (3n) 9074 | -7/Factory | Sucked down chute 9074 | -7/Factory | Entered Waste 9089 | -7/Waste | EMP discharged 9090 | -7/Waste | Spotted C-40 Crusher 9093 | -7/Waste | Assimilated C-40 Crusher with FLK Orb 9099 | -7/Waste | Spotted C-40 Crusher 9118 | -7/Waste | Destroyed C-40 Crusher 9135 | -7/Waste | Spotted C-40 Crusher 9139 | -7/Waste | Spotted C-40 Crusher 9146 | -7/Waste | Destroyed C-40 Crusher 9150 | -7/Waste | Destroyed C-40 Crusher 9157 | -7/Waste | Spotted C-40 Crusher 9167 | -7/Waste | Destroyed C-40 Crusher 9172 | -7/Waste | Spotted C-40 Crusher 9189 | -7/Waste | EMP discharged 9189 | -7/Waste | System corruption reached 10% 9208 | -7/Waste | Destroyed C-40 Crusher 9212 | -7/Waste | Found Damper Plating 9289 | -7/Waste | EMP discharged 9327 | -7/Waste | Discovered new exit (range 11) 9343 | -7/Waste | Entered Factory 9641 | -7/Factory | Build established: Hacker-Mutant 9740 | -7/Factory | Discovered new exit (range 15) 9762 | -7/Factory | Entered Storage 9822 | -7/Storage | Met 01-MTF 9875 | -7/Storage | Identified exit to Recycling 10338 | -7/Storage | Core integrity fell below 50% 10346 | -7/Storage | System corruption reached 30% 10370 | -7/Storage | Core integrity fell below 20% 10379 | -7/Storage | Destroyed by Light Ion Engine chain reaction Last Messages --------------- 10350_ Slammed into 01-MTF. 10351_ U-05 Engineer repairs door. 10351_ Lgt. Nuclear Core destroyed. 10353_ Slammed into 01-MTF. 10353_ Lgt. Treads destroyed. 10355_ System corrupted: Heat flow error (+183). 10360_ U-05 Engineer lays Concrete. 10361_ U-05 Engineer builds a Wall. 10362_ U-05 Engineer lays Concrete. 10363_ Overheating: System interference. 10363_ YOLO Cannon temporarily disabled. 10363_ U-05 Engineer lays Concrete. 10364_ U-05 Engineer builds a Wall. 10372_ System corrupted: Matter fused (-5). 10372_ System corrupted: Ion Burst Cannon failed to cycle. 10373_ U-05 Engineer lays Concrete. 10379_ Chain reaction triggered in Lgt. Ion Engine. 10379_ U-05 Engineer destroyed. 10379_ 01-MTF destroyed. 10379_ U-05 Engineer destroyed. Map ----- +----------------------------------------------------+ | | | | | | | | | | | | | | | | | | | ?????????????????????????????????????? | | ?????????????????????????????????????? | | ?????????????????????????????????????? | | ?????????????????????????????????????? | | ?????????????????????????????????????? | | ?????????????????????????????????????? | | ????????#####????????????????????????? | | ????????# #????????????????????????? | | ????????# > #????????????????????????? | | ????????# #????????????????????????? | | ????????? ####????????????????????? | | ????????## ;; #????????????????????? | | ???#"???# ; ##???????????????????? | | ?# #" "??# ; = ;#########???????????? | | # # #=%| #???????????? | | # + +%!! #???????????? | | # # #@% #???????????? | | # !! # # #???????????? | | # !!?# # #???????????? | | # !??# ########+#####???????????? | | # ???# ######## ##??###########?? | | # ???+ #? #? | | # ????# +? #? | | ####?????##+######## # #? | | ??????????# # # #? | | ??????????#""" # + #? | | ??????????#""" + # #? | | ??????????#""" # #############??? | | ??????????# # ##### ##???????? | | ??????????#""" # "## ?#???? | | ??????????#""" # "## """ #???? | | ??????????#""" + "## """ #???? | | ??????????# # T## """ ????? | | ??????????#+######## "## #???? | | ??????????#????????# =*## """ #???? | | ?????????## ########!!"## """ #???? | | ?????????+ == !=%###* """ #???? | | ?????????# [%! [%*[%+! #???? | | ?????????#"#"#"/#####= !##########???? | | ?????????##" # ^########## | | ?????????#" % # ^ | +----------------------------------------------------+ Best States ------------- Heat Dissipation 48 Energy Generation 18 Energy Capacity 265 Matter Stores 300 Matter Capacity 300 Sight Range 16 Terrain Scan Density 10 Armor Coverage 150 Evasion (%) 56 Target Analysis 5 Recoil Reduction 4 Offensive Hacking 20 Defensive Hacking 10 Authchip Count 3 Item Schematics ----------------- Cld. VTOL Module | -7/Factory | Scanalyzed Hacking Suite | -7/Storage | Hacked Robot Schematics ------------------ None Fabricated ------------ Nothing Alien Tech Used ----------------- None Achievements -------------- None Challenges ------------ None Game ------ Seed FrostAuthchipDoublenader Manual? 0 Play Time 00:59:58 Cumulative 85.9 hours Start 2024.09.23 @ 08:13:25 End 2024.09.23 @ 09:12:39 Sessions 1 Manual Loads 0 Difficulty Rogue Special Mode None Game No. 98 Rogue 94 Adventurer 0 Explorer 4 Win Type - Total 5 Types 3/0/0/2/0/0/0/0/0 Lore% 38 Gallery% 60 Achievement% 54 Wizard Run 0 Options --------- Layout 0 ASCII 0 Keyboard 0 Movement Numpad Keybinds 0 Fullscreen 2 Font 18/SmallcapsGlow Map View 76x50 Zoom Use 0% Tactical HUD 1 Map Filters NONE Filters NONE Steam 1 RUN: 75fb6ee7-d6d0-47b0-9c8e-ea461c875812